 Dungeon Crawl Stone Soup version 0.17-a0-1007-gb2305a1 (console) character file.

5 Garrluk the Firebug (level 1, 0/10 HPs)
             Began as a Deep Elf Fire Elementalist on May 13, 2015.
             Hit by a stone thrown by a hobgoblin (2 damage)
             ... on level 1 of the Dungeon.
             The game lasted 00:00:45 (149 turns).

Garrluk the Firebug (Deep Elf Fire Elementalist)     Turns: 149, Time: 00:00:45

Health: 0/10       AC:  2    Str:  5    XL:     1   Next: 66%
Magic:  0/6        EV: 13    Int: 19    God:
Gold:   0          SH:  0    Dex: 15    Spells: 1 memorised, 5 levels left

rFire  . . .     SeeInvis .     e - +0 mace
rCold  . . .     Clarity  .     a - +0 robe
rNeg   . . .     SustAb   .     (no shield)
rPois  .         Gourm    .     (no helmet)
rElec  .         Spirit   .     (no cloak)
rCorr  .         Warding  .     (no gloves)
rMut   .         Stasis   .     (no boots)
MR     .....                    (no amulet)
Stlth  ++........               (no ring)
                                (no ring)

@: very slightly contaminated, not resistant to hostile enchantments, unstealthy
A: no striking features
a: no special abilities


You were on level 1 of the Dungeon.
You were not hungry.

You visited 1 branch of the dungeon, and saw 1 of its levels.

Notes
Turn   | Place    | Note
--------------------------------------------------------------
     0 | D:1      | Garrluk the Deep Elf Fire Elementalist began the quest for the Orb.
     0 | D:1      | Reached XP level 1. HP: 10/10 MP: 6/6
   149 | D:1      | Hit by a stone thrown by a hobgoblin

Inventory:

Hand weapons
 e - a +0 mace (weapon)
   (You took it off a kobold on level 1 of the Dungeon)
Armour
 a - a +0 robe (worn)
Scrolls
 d - a scroll of immolation {unknown}
Books
 b - a book of Flames

   Spells                             Type                      Level
   a - Flame Tongue                   Conjuration/Fire             1
   b - Throw Flame                    Conjuration/Fire             2
   c - Conjure Flame                  Conjuration/Fire             3
   d - Inner Flame                    Hexes/Fire                   3
   e - Sticky Flame                   Conjuration/Fire             4
   f - Fireball                       Conjuration/Fire             5
Comestibles
 c - a bread ration

Table legend:
 A = Turns spent in this place as a percentage of turns spent in the entire game.
 B = Non-inter-level travel turns spent in this place as a percentage of non-inter-level travel turns spent in the entire game.
 C = Inter-level travel turns spent in this place as a percentage of turns spent in this place.
 D = Turns resting spent in this place as a percentage of non-inter-level travel turns spent in this place.
 E = Turns spent auto-exploring this place as a percentage of non-inter-level travel turns spent in this place.
 F = Non-inter-level travel turns spent in this place divided by the number of levels of this place that you've seen.
                   A       B       C       D       E      F
               +-------+-------+-------+-------+-------+----------------------
         Total | 100.0 | 100.0 |   2.0 |   0.0 |   6.0 |  50.0
       Dungeon | 100.0 | 100.0 |   2.0 |   0.0 |   6.0 |  50.0
               +-------+-------+-------+-------+-------+----------------------


   Skills:
 - Level 2.4 Dodging
 - Level 2.4 Stealth
 + Level 3.4 Spellcasting
 + Level 1.1 Conjurations
 * Level 3.4 Fire Magic


You had 5 spell levels left.
You knew the following spells:

 Your Spells              Type           Power        Failure   Level  Hunger
a - Flame Tongue          Conj/Fire      ##...        8%          1    None


Dungeon Overview and Level Annotations

Branches:
Dungeon (1/15)

Altars:


Message History

Casting: Flame Tongue
Confirm with . or Enter, or press ? or * to list all spells.
Aiming: Flame Tongue
Press: ? - help, Shift-Dir - straight line, f/p - hobgoblin
Aim: a hobgoblin (severely wounded)
You miscast Flame Tongue.
Nothing appears to happen.
The hobgoblin throws a stone.
The stone misses you.
You aren't carrying any potions.
The hobgoblin throws a stone.
The stone misses you.
Casting: Flame Tongue
Confirm with . or Enter, or press ? or * to list all spells.
Aiming: Flame Tongue
Press: ? - help, Shift-Dir - straight line, f/p - hobgoblin
Aim: a hobgoblin (severely wounded)
The flame tongue hits the hobgoblin.
The hobgoblin is almost dead.
The hobgoblin throws a stone.
The stone misses you.
The hobgoblin throws a stone.
The stone hits you but does no damage.
You see here a stone.
The hobgoblin throws a stone.
The stone hits you.
You die...

#...########### #...# #...#
####+#### #...# ###≈≈§≈≈≈≈###
#..###. #≈≈§g....≈≈≈# #..# .#
#.$.........# #..# . ##(##
###..##.##### ####8g8#### #####
.....#.##...###.........###..≈##
..#..#.#....##((.........##..≈≈#
..#..#.#....#...@........##...≈#
..#....'...........<.....8(.(.≈+
..#..#.#....#....(.......(#.(.≈#
###..#.#....##..(........##..≈§#
#..#.##...###.........###..≈##
#..##.##### ###8#8'8### #####
#..# . ######'###### #..# .#
#†..........# ###. #.
#≈≈≈.....§§≈# . ###≈§≈≈≈≈≈###
####+####


You could see a hobgoblin.

Table legend:
 A = Kills in this place as a percentage of kills in entire the game.
 B = Kills by you in this place as a percentage of kills by you in the entire game.
 C = Kills by friends in this place as a percentage of kills by friends in the entire game.
 D = Other kills in this place as a percentage of other kills in the entire game.
 E = Experience gained in this place as a percentage of experience gained in the entire game.
 F = Experience gained in this place divided by the number of levels of this place that you have seen.
                   A       B       C       D       E      F
               +-------+-------+-------+-------+-------+----------------------
         Total | 100.0 | 100.0 |  -nan |  -nan | 100.0 |   8.0
       Dungeon | 100.0 | 100.0 |  -nan |  -nan | 100.0 |   8.0
               +-------+-------+-------+-------+-------+----------------------

Vanquished Creatures
  Monster Symbol All 'K'
  A kobold (D:1)
1 creature vanquished. All 'g' 2 hobgoblins (D:1) 2 goblins (D:1)
4 creatures vanquished.
5 creatures vanquished. Monster Nature Natural Monsters 2 hobgoblins (D:1) 2 goblins (D:1) A kobold (D:1)
5 creatures vanquished.
5 creatures vanquished. Ascending Order A kobold (D:1) 2 hobgoblins (D:1) 2 goblins (D:1)
5 creatures vanquished.

Action                   || total
-------------------------++-------
 Cast: Flame Tongue      ||    10
